 Dungeon Crawl Stone Soup version 0.18-a0-955-g171f012 (webtiles) character file.

1179 Arkorax the Skirmisher (level 8, 0/52 HPs)
             Began as a Gargoyle Wanderer on Dec 31, 2015.
             Was an Initiate of Gozag.
             Shot with an arrow of frost by a centaur (2 damage)
             ... on level 6 of the Dungeon.
             The game lasted 00:07:50 (4168 turns).

Arkorax the Skirmisher (Gargoyle Wanderer)          Turns: 4168, Time: 00:07:50

Health: 0/52       AC: 19    Str: 16    XL:     8   Next: 42%
Magic:  11/11      EV:  7    Int: 11    God:    Gozag
Gold:   93         SH:  0    Dex: 13    Spells: 0 memorised, 11 levels left

rFire  + . .     SeeInvis .     a - +2 quarterstaff
rCold  . . .     Gourm    +     F - +1 chain mail {rF+}
rNeg   + . .     Faith    .     (shield currently unavailable)
rPois  ∞         Spirit   .     B - +1 helmet
rElec  +         Dismiss  .     i - +0 cloak
rCorr  .         Reflect  .     w - +0 pair of gloves
SustAt .         Harm     .     (no boots)
MR     .....                    d - amulet of the gourmand
Stlth  ..........               (no ring)
                                (no ring)

@: not resistant to hostile enchantments, extremely unstealthy
A: negative energy resistance 1, electricity resistance, unbreathing,
petrification resistance, rot immunity, AC +5
a: Potion Petition, Call Merchant, Bribe Branch, Renounce Religion


You were on level 6 of the Dungeon.
You worshipped Gozag.
Gozag was noncommittal.
You were not hungry.

You visited 1 branch of the dungeon, and saw 6 of its levels.

You collected 926 gold pieces.
You spent 103 gold pieces at shops.
You paid 730 gold pieces to Gozag.

Inventory:

Hand Weapons
 a - a +2 quarterstaff (weapon)
 e - a +0 dagger
 z - a +0 long sword
Armour
 i - a +0 cloak (worn)
 w - a +0 pair of gloves (worn)
 B - a +1 helmet (worn)
 D - a +0 shield
 F - a +1 chain mail of fire resistance (worn)
Jewellery
 d - an amulet of the gourmand (around neck)
 p - an uncursed ring of see invisible {unknown}
Scrolls
 g - 5 scrolls of teleportation {unknown}
 j - a scroll of enchant armour {unknown}
 k - 6 scrolls of identify {unknown}
 m - 2 scrolls of remove curse
 n - 4 scrolls of fear {unknown}
 q - 4 scrolls of immolation
 s - a scroll of amnesia {unknown}
 y - a scroll of recharging {unknown}
 E - a scroll of magic mapping {unknown}
Potions
 c - 2 potions of lignification
 h - 2 potions of invisibility {unknown}
 l - a potion of heal wounds {unknown}
 o - 2 potions of haste {unknown}
 t - a potion of flight {unknown}
 v - a potion of curing {unknown}
 x - 2 potions of ambrosia {unknown}
 A - a potion of magic {unknown}
 C - a potion of degeneration {unknown}
Books
 b - the Handbook of Black Rituals

   Spells                             Type                      Level
   a - Pain                           Necromancy                   1
   b - Vampiric Draining              Necromancy                   3
Comestibles
 f - a bread ration
 r - 2 meat rations


   Skills:
 + Level 6.4 Fighting
 + Level 3.8 Long Blades
 - Level 4.5 Staves
 - Level 3.2 Armour
 - Level 1.3 Dodging
 - Level 5.0 Stealth
 - Level 2.3 Spellcasting
   Level 1.0 Poison Magic


You had 11 spell levels left.
You didn't know any spells.

Dungeon Overview and Level Annotations

Branches:
Dungeon (6/15)             Temple (0/1) D:6

Altars:
Gozag
Kikubaaqudgha
Makhleb
Nemelex Xobeh
The Shining One

Shops:
D:5 [


Innate Abilities, Weirdness & Mutations

You are resistant to torment.
Your stone body is resilient (AC +5).
You are immune to poison.
You resist negative energy.
You are resistant to electric shocks.
You can survive without breathing.
You are immune to petrification.
You are immune to rotting.


Message History

The orc priest calls down the wrath of Beogh upon you.
Pain shoots through your body!
* * * LOW HITPOINT WARNING * * *
The orc warrior shouts!
The orc wizard is distracted by the nearby gold.
The orc priest looks braver for a moment.
The centaur wields a glowing shortbow.
The centaur shoots an arrow of frost.
The arrow of frost closely misses you.
You hear a splash.
The centaur shoots an arrow of frost.
The arrow of frost hits you but does no damage.
The arrow of frost freezes you.
* * * LOW HITPOINT WARNING * * *
The orc wizard shouts!
You see here an arrow of frost.
The centaur shoots an arrow of frost.
The arrow of frost hits you!
* * * LOW HITPOINT WARNING * * *
The arrow of frost freezes you.
You die...
Your body crumbles into a pile of gold.

#..........##.##.#.###.# #.#
.......................# #.#
......≈≈≈≈≈......#.##### ##.##
....≈≈≈≈≈≈≈≈≈....#.# ##...#
..≈≈≈≈≈≈≈≈≈≈≈≈≈..#.# #.....
.≈≈≈≈≈≈...≈≈≈≈≈≈.#.# ##....
.≈≈≈≈≈≈.>.≈≈≈≈≈≈.#.#########....)
.≈≈≈≈≈≈...≈≈≈≈≈≈.#...........#.#.
.≈≈≈≈≈≈≈≈≈≈≈≈≈≈≈@#############.##
..≈≈≈≈≈≈≈≈≈≈≈≈≈(.# #.#
....≈≈≈≈≈≈≈≈≈o.o.## #.#
......≈≈≈≈≈.......# #.#
.................$# #.# #..##.#
###.##.##oco.(# #.# #. #.
###...... #.# # #. .....# ##
.....


You could see an orc warrior, a centaur, an orc wizard and an orc.

Vanquished Creatures
  Eustachio (D:4)
  A water moccasin (D:5)
  3 ogres
  3 centaurs
  An orc priest (D:5)
  A crimson imp (D:5)
  An orc wizard (D:5)
  An iguana (D:5)
  4 worker ants
  A hound skeleton (D:5)
  7 gnolls
  5 adders
  An ooze (D:2)
  5 worms
  5 giant geckos
  17 orcs
  4 ball pythons
  2 giant cockroaches (D:5)
  6 goblins
  5 hobgoblins
  8 jackals
  3 kobolds
  3 quokkas
  5 bats
  A giant gecko skeleton (D:5)
  5 giant newts
  A jackal skeleton (D:4)
  9 rats
109 creatures vanquished.

Notes
Turn   | Place    | Note
--------------------------------------------------------------
     0 | D:1      | Arkorax the Gargoyle Wanderer began the quest for the Orb.
     0 | D:1      | Arkorax set off with: a +2 quarterstaff, the Handbook of Black Rituals, a potion of lignification, a +0 robe, a +0 dagger, a bread ration
     0 | D:1      | Reached XP level 1. HP: 12/12 MP: 3/3
     0 | D:1      | Identified the Handbook of Black Rituals
   157 | D:1      | Reached XP level 2. HP: 15/17 MP: 5/5
   793 | D:2      | Reached skill level 4 in Stealth
   793 | D:2      | Reached XP level 3. HP: 22/22 MP: 6/6
   862 | D:2      | Found an opulent altar of Gozag.
   863 | D:2      | Found a burning altar of Makhleb.
   881 | D:2      | Became a worshipper of Gozag Ym Sagoz the Greedy
  1056 | D:2      | Reached skill level 1 in Armour
  1136 | D:2      | Reached XP level 4. HP: 18/27 MP: 7/7
  1584 | D:3      | You fall through a shaft for 2 floors!
  1584 | D:5      | Entered Level 5 of the Dungeon
  1584 | D:5      | Found an ancient bone altar of Kikubaaqudgha.
  1600 | D:5      | Noticed a centaur
  1611 | D:5      | Killed a centaur
  1611 | D:5      | Reached XP level 5. HP: 27/32 MP: 8/8
  1654 | D:5      | Noticed a water moccasin
  1669 | D:5      | Killed a water moccasin
  1669 | D:5      | Reached skill level 1 in Dodging
  1669 | D:5      | Reached skill level 5 in Stealth
  1669 | D:5      | Reached XP level 6. HP: 17/37 MP: 9/9
  2343 | D:5      | Reached XP level 7. HP: 33/42 MP: 10/10
  2424 | D:4      | Reached skill level 1 in Long Blades
  2921 | D:4      | Noticed Eustachio
  2940 | D:4      | Killed Eustachio
  2940 | D:4      | Reached skill level 5 in Fighting
  3009 | D:4      | Found a glowing drain.
  3504 | D:4      | Reached XP level 8. HP: 45/49 MP: 11/11
  3792 | D:5      | Found a sparkling altar of Nemelex Xobeh.
  3833 | D:5      | Reached skill level 6 in Fighting
  3838 | D:5      | Bought a runed chain mail for 103 gold pieces
  3884 | D:6      | Found a staircase to the Ecumenical Temple.
  3945 | D:6      | Found a glowing golden altar of the Shining One.
  4168 | D:6      | HP: 2/52 [centaur/arrow of frost (7)]
  4168 | D:6      | Shot with an arrow of frost by a centaur

Vault maps used:
D:1:      ncdulo_halloftheorcs
D:2:      minitemple
D:3:      first_bread
D:4:      portal_sewer_entry_e, eino_small_chamber_without_monster,
          uniq_eustachio
D:5:      kiku_gazebo_garden_becter, lemuel_coloured_pillars_altar, tgw_xom
D:6:      kennysheep_mini, lemuel_round_altar, temple_pool_b, lemuel_angel_altar

Action                   |  1- 3 |  4- 6 |  7- 9 || total
-------------------------+-------+-------+-------++-------
Melee: Quarterstaff      |    62 |   135 |   178 ||   375
Invok: Potion Petition   |       |     1 |       ||     1
       Call Merchant     |       |       |     1 ||     1
  Use: Scroll            |       |       |     2 ||     2
 Stab: Sleeping          |     7 |     1 |       ||     8
       Distracted        |       |     1 |       ||     1
  Eat: Chunk             |     1 |       |       ||     1
       Bread ration      |       |     1 |     2 ||     3
